Map: Eternal Empire LE

Players

LiquidMaNa (MaNa)

  • Race: Protoss Protoss
  • League: Master
  • Spawn Location: 7:00

Bunny - Winner!

  • Race: Terran Terran
  • Spawn Location: 1:00

Event: War Chest Team League

VOD

Have the link to the VOD?

Description

Time

  • Played on: July 31, 2020, 8:34 a.m.
  • Length: 16:00
Show
View Real Time Build Order
Export as new Build Order

LiquidMaNa Protoss 

Build Orders: 1 Gate Expand, Oracle Opening, Phoenix Opening, Colossus Rush 

Get SALT Encoding   

  12  0:01  Probe  
  13  0:13  Probe  
  14  0:18  Pylon  
  14  0:25  Probe (Chrono Boost)  
  15  0:37  Probe (Chrono Boost), Gateway  
  15  0:42  Assimilator  
  16  0:45  Probe (Chrono Boost)  
  17  0:52  Probe (Chrono Boost)  
  17  0:55  Assimilator  
  18  1:05  Probe (Chrono Boost)  
  19  1:13  Probe (Chrono Boost)  
  20  1:19  Probe  
  20  1:25  Cybernetics Core  
  21  1:39  Nexus  
  21  1:45  Pylon  
  21  1:49  Probe  
  22  2:01  Warp Gate  
  22  2:02  Stalker (Chrono Boost)  
  22  2:03  Probe  
  25  2:15  Probe  
  25  2:16  Stargate  
  26  2:27  Probe  
  29  2:37  Sentry  
  29  2:40  Probe, Gateway  
  30  2:51  Probe  
  30  2:52  Probe  
  32  3:04  Probe x2  
  34  3:05  Oracle (Chrono Boost)  
  37  3:14  Shield Battery  
  37  3:16  Probe x2, Phoenix (Chrono Boost)  
  39  3:23  Gateway, Assimilator  
  39  3:28  Probe  
  39  3:31  Probe  
  41  3:36  Phoenix  
  41  3:40  Probe, Assimilator  
  44  3:43  Probe  
  45  3:51  Robotics Facility  
  45  3:52  Probe  
  46  3:56  Pylon  
  46  4:10  Nexus  
  46  4:14  Probe x2 (Chrono Boost)  
  48  4:22  Phoenix (Chrono Boost)  
  50  4:26  Probe x2 (Chrono Boost)  
  50  4:28  Pylon  
  52  4:34  Probe x2 (Chrono Boost)  
  54  4:38  Pylon  
  54  4:46  Probe x2, Phoenix (Chrono Boost)  
  54  4:47  Observer  
  59  4:55  Robotics Bay  
  59  4:58  Probe x2  
  61  5:10  Probe x2  
  63  5:18  Stalker  
  64  5:23  Probe x3  
  67  5:29  Forge  
  67  5:30  Phoenix  
  67  5:35  Probe x3  
  72  5:39  Observer (Chrono Boost)  
  73  5:43  Pylon  
  73  5:47  Probe  
  73  5:48  Probe  
  71  5:51  Stalker  
  71  5:54  Probe, Colossus  
  80  5:59  Probe  
  80  6:00  Protoss Ground Weapons Level 1 (Chrono Boost)  
  80  6:02  Probe  
  82  6:06  Probe  
  83  6:11  Photon Cannon  
  83  6:12  Probe  
  83  6:18  Probe  
  85  6:21  Probe  
  85  6:24  Probe  
  86  6:31  Sentry  
  86  6:32  Zealot x2, Assimilator  
  92  6:33  Pylon  
  92  6:35  Pylon  
  92  6:36  Pylon, Assimilator  
  92  6:37  Extended Thermal Lance  
  92  6:41  Shield Battery  
  92  6:45  Probe  
  93  6:47  Pylon  
  93  6:48  Colossus (Chrono Boost)  
  99  6:55  Twilight Council  
  99  6:56  Probe x2 (Chrono Boost)  
  99  6:58  Observer  
  99  6:59  Robotics Facility  
  101  7:03  Probe (Chrono Boost), Gateway  
  101  7:08  Probe x2 (Chrono Boost)  
  103  7:15  Probe (Chrono Boost)  
  103  7:19  Photon Cannon  
  103  7:23  Zealot x3  
  109  7:31  Colossus (Chrono Boost)  
  109  7:32  Templar Archives  
  109  7:33  Charge  
  109  7:35  Probe x2  
  117  7:43  Pylon  
  117  7:44  Pylon  
  117  7:45  Pylon  
  117  7:50  Disruptor (Chrono Boost)  
  117  7:53  Nexus  
  117  7:57  Pylon  
  120  8:07  Stalker  
  120  8:08  Stalker x3  
  127  8:40  Zealot x4  
  127  8:44  Probe  
  127  8:45  Probe  
  122  8:52  Probe  
  120  8:56  Probe  
  121  9:03  High Templar x4  
  121  9:05  Warp Prism  
  121  9:07  Nexus  
  121  9:08  Archon, Forge  
  121  9:09  Archon  
  131  9:11  Photon Cannon  
  131  9:12  Shield Battery  
  131  9:14  Pylon  
  131  9:18  Blink (Chrono Boost)  
  131  9:32  Immortal  
  131  9:37  Stalker x4  
  138  9:40  Probe  
  138  9:42  Probe  
  118  9:56  Protoss Ground Weapons Level 2 (Chrono Boost)  
  118  9:57  Probe x2  
  118  9:58  Photon Cannon  
  120  10:01  Gateway x2  
  120  10:03  Zealot x4  
  120  10:04  Gateway  
  120  10:06  Templar Archives  
  120  10:07  Gateway  
  128  10:12  Disruptor  
  131  10:22  Disruptor  
  130  10:30  Stalker x4  
  113  10:54  Sentry x2  
  113  10:56  Forge  
  117  10:57  Stalker x2  
  117  10:58  Stalker x2  
  117  11:00  Nexus  
  125  11:05  Observer x2 (Chrono Boost)  
  125  11:06  Observer  
  127  11:16  Stalker x2  
  131  11:19  Stalker  
  133  11:26  Nexus  
  133  11:27  Pylon  
  133  11:28  Pylon, Nexus  
  133  11:38  Protoss Ground Armor Level 1 (Chrono Boost)  
  133  11:45  Disruptor x2 (Chrono Boost)  
  133  11:47  Stalker x5  
  140  11:52  Pylon  
  148  11:54  Pylon  
  148  11:55  Pylon  
  145  12:11  Stalker x3  
  145  12:13  Disruptor x2 (Chrono Boost)  
  157  12:19  Stalker x5  
  167  12:23  Protoss Ground Weapons Level 3 (Chrono Boost)  
  167  12:27  Pylon  
  150  12:45  Disruptor  
  153  12:54  Zealot x2  
  153  12:56  Nexus  
  146  13:02  Zealot x2  
  138  13:16  Nexus  
  138  13:17  Zealot x2  
  135  13:38  Observer x2 (Chrono Boost)  
  135  13:39  Zealot  
  135  13:40  Zealot x4  
  146  13:55  Observer (Chrono Boost)  
  145  14:10  Nexus  
  129  14:43  High Templar x4  
  137  14:49  Archon x2  
  137  14:53  Probe x3 (Chrono Boost)  
  137  14:54  Probe (Chrono Boost)  
  137  14:58  Nexus  
  141  15:03  Probe x4 (Chrono Boost)  
  144  15:23  Stalker x7  
  158  15:35  Probe x3  
  93  15:50  Stalker x3  
Show
View Real Time Build Order
Export as new Build Order

Bunny Terran - Winner!

Build Orders: Reaper Expand 

Get SALT Encoding   

  12  0:00  SCV  
  13  0:12  SCV  
  14  0:17  Supply Depot  
  14  0:26  SCV  
  15  0:38  SCV  
  15  0:40  Barracks  
  16  0:44  Refinery  
  16  0:51  SCV  
  17  1:03  SCV  
  18  1:15  SCV  
  19  1:27  Orbital Command  
  19  1:28  Reaper  
  20  1:39  Command Center  
  20  1:51  Supply Depot  
  20  1:53  SCV  
  21  2:00  Marine  
  22  2:05  SCV  
  22  2:07  Factory  
  23  2:10  Refinery  
  23  2:17  SCV  
  23  2:22  Bunker  
  24  2:24  Barracks Reactor  
  24  2:29  SCV  
  25  2:41  SCV  
  28  2:51  Hellion, Orbital Command  
  28  2:53  SCV  
  28  2:55  Armory  
  29  3:00  Marine x2  
  32  3:05  SCV  
  32  3:11  Starport  
  32  3:13  Factory Tech Lab  
  32  3:17  SCV  
  32  3:18  SCV  
  34  3:22  Marine x2  
  36  3:30  SCV x2  
  36  3:32  Widow Mine  
  40  3:36  Supply Depot  
  40  3:41  Drilling Claws  
  40  3:46  SCV x2  
  39  3:48  Medivac  
  39  3:50  Marine x2  
  39  3:53  Widow Mine  
  45  3:59  SCV  
  45  4:00  SCV  
  47  4:08  Marine x2  
  47  4:09  Supply Depot  
  49  4:11  SCV  
  49  4:12  SCV  
  49  4:16  Widow Mine  
  53  4:28  SCV  
  53  4:30  SCV, Medivac  
  53  4:31  Supply Depot, Marine x2  
  57  4:34  Supply Depot  
  57  4:38  Widow Mine  
  61  4:44  SCV  
  62  4:46  Command Center  
  63  4:52  SCV  
  63  4:54  Barracks  
  63  4:55  Barracks  
  63  4:56  Supply Depot  
  63  5:01  SCV  
  63  5:04  SCV  
  65  5:13  SCV  
  64  5:15  Widow Mine x2  
  64  5:16  Stimpack  
  64  5:17  SCV, Marine  
  70  5:23  Engineering Bay  
  70  5:24  Refinery  
  70  5:25  Starport Reactor  
  70  5:26  Refinery  
  70  5:27  SCV, Engineering Bay  
  68  5:29  SCV  
  69  5:37  Widow Mine x2  
  69  5:40  Supply Depot  
  73  5:43  SCV x2  
  73  5:49  Barracks Reactor, Barracks Tech Lab  
  75  5:50  Marauder  
  75  5:55  Terran Infantry Weapons Level 1  
  75  5:56  Barracks x2  
  75  5:58  SCV x2  
  75  6:02  Widow Mine x2  
  81  6:05  Orbital Command  
  81  6:08  Supply Depot  
  81  6:10  Terran Infantry Armor Level 1  
  77  6:17  Marauder x2  
  81  6:22  Medivac  
  81  6:24  SCV x2  
  81  6:25  Missile Turret  
  85  6:28  Medivac  
  85  6:31  Marine x2  
  85  6:32  Orbital Command  
  85  6:38  Marine x2  
  85  6:39  SCV x2  
  87  6:40  Combat Shield  
  87  6:44  Barracks Reactor  
  87  6:45  Barracks Tech Lab  
  87  6:51  SCV x2, Refinery  
  87  6:53  Supply Depot  
  87  6:54  Refinery  
  89  6:59  SCV  
  89  7:00  Medivac, Missile Turret  
  92  7:03  SCV x2, Medivac  
  96  7:10  Marauder x3  
  96  7:12  Marine x2  
  96  7:15  SCV x3  
  107  7:21  Supply Depot x2  
  107  7:24  Marine x2  
  107  7:27  SCV x2  
  107  7:28  Armory  
  107  7:29  Supply Depot  
  111  7:30  SCV  
  111  7:35  Medivac x2  
  116  7:44  Starport  
  116  7:45  SCV x3  
  116  7:48  Marauder x3, Marine x2  
  127  7:52  Marine x2  
  129  8:05  Viking x2  
  132  8:09  SCV x3  
  135  8:18  Command Center  
  135  8:19  Marauder x3  
  141  8:21  Marine x4  
  141  8:23  Viking  
  141  8:24  Viking  
  149  8:33  SCV  
  149  8:34  SCV x2  
  149  8:35  Viking  
  149  8:41  Marauder  
  148  8:45  Supply Depot x3  
  148  8:46  Marauder, Ghost Academy  
  148  8:48  Viking  
  149  8:52  Marauder  
  149  8:54  Marine  
  149  8:56  Marine  
  149  8:58  Marine  
  149  9:01  Medivac  
  149  9:05  Barracks x2  
  149  9:06  Medivac, Marauder, Marine, Barracks  
  149  9:07  Marine  
  149  9:09  SCV x3  
  156  9:11  Supply Depot, Marine  
  156  9:13  Medivac  
  159  9:18  Medivac  
  163  9:29  Marine x2  
  163  9:30  Marine x2  
  163  9:31  Planetary Fortress  
  171  9:40  Terran Infantry Weapons Level 2  
  171  9:41  Terran Infantry Armor Level 2  
  161  9:47  Unknown  
  161  9:48  Marauder  
  153  9:55  Marine x4  
  153  9:56  Unknown x2, Marauder x2  
  153  9:57  Barracks Tech Lab  
  153  9:58  Barracks Reactor  
  153  9:59  SCV, Barracks Tech Lab  
  163  10:00  SCV x2  
  163  10:01  Missile Turret  
  163  10:02  Refinery  
  164  10:10  Enhanced Shockwaves  
  164  10:13  Terran Ship Weapons Level 1, Marine x2  
  168  10:26  Marauder x2  
  171  10:34  Marine  
  171  10:35  Marine x4  
  166  10:37  Unknown  
  166  10:41  Marine  
  158  10:47  Marine  
  158  10:48  Marauder, Refinery  
  161  10:54  Marine x5  
  161  10:55  Viking  
  161  10:56  Command Center  
  170  10:59  Viking  
  170  11:01  Viking  
  170  11:02  Viking  
  174  11:06  Marauder  
  174  11:09  Unknown x3  
  174  11:11  Marauder x3  
  180  11:14  Marine x2  
  180  11:18  Marine x3  
  183  11:29  Sensor Tower  
  183  11:33  Marauder x4, Marine x4  
  183  11:35  Marine  
  183  11:36  Sensor Tower  
  183  11:38  Missile Turret  
  196  11:41  Marine  
  196  11:53  Supply Depot  
  196  11:55  Fusion Core  
  196  11:59  Terran Infantry Weapons Level 3  
  196  12:00  Marine x2  
  196  12:07  Marine, Liberator  
  200  12:09  Planetary Fortress  
  200  12:12  Unknown  
  200  12:14  Terran Infantry Armor Level 3  
  200  12:36  Liberator  
  199  12:38  Liberator  
  200  12:46  Missile Turret, Terran Ship Weapons Level 2  
  200  12:48  Advanced Ballistics  
  196  13:11  Marine  
  196  13:12  Marine x5  
  185  13:13  Liberator x2  
  185  13:19  Liberator  
  192  13:20  SCV  
  192  13:24  Command Center x2  
  193  13:29  Marine x2  
  193  13:32  SCV  
  193  13:33  Unknown x3  
  194  13:38  Liberator  
  189  13:44  SCV  
  189  13:47  Unknown x2  
  190  13:56  Liberator x2  
  190  13:57  SCV  
  190  14:01  Liberator  
  200  14:07  Rapid Reignition System  
  200  14:20  Marine  
  200  14:21  Marauder x3  
  200  14:24  Liberator  
  188  14:25  Marauder, Marine  
  188  14:26  Marauder, Marine x4  
  171  14:38  Marine  
  171  14:39  Liberator x2  
  171  14:42  Marauder x3  
  171  14:43  Marine x3  
  171  14:44  Liberator  
  171  14:45  Starport x2  
  186  14:46  Marine x2  
  186  14:47  Marauder x2, Starport  
  192  14:56  Marine  
  191  15:01  Orbital Command, Marine x3  
  191  15:02  Orbital Command  
  191  15:03  Marauder, Marine x2  
  191  15:04  Marauder x2  
  188  15:08  Marauder x2  
  191  15:21  Command Center  
Tags
 
Add a new tag
Caveats
  • Supply blocks, unpowered buildings, or Contaminate may cause inaccurate times.
  • Supply counts are checked every 10 seconds.